 Dungeon Crawl Stone Soup version 0.30.0-20-g3615ddf2f0 (webtiles) character file.

Game seed: 10501144522791070209

94 qw the Chopper (level 4, 0/28 HPs)
             Began as a Gargoyle Fighter on May 27, 2023.
             Killed by divine providence
             ... invoked by an orc priest
              (14 damage)
             ... on level 3 of the Dungeon.
             The game lasted 00:01:11 (1715 turns).

qw the Chopper (Gargoyle Fighter)                   Turns: 1715, Time: 00:01:12

Health: 0/28       AC: 11    Str: 22    XL:     4   Next: 63%
Magic:  4/4        EV:  9    Int:  8    God:
Gold:   44         SH:  0    Dex:  9    Spells: 3/3 levels left

rFire   . . .        Y - +0 war axe
rCold   . . .        c - +0 buckler
rNeg    + . .        b - +0 scale mail
rPois   inf          (no helmet)
rElec   +            e - +0 cloak
rCorr   .            (no gloves)
SInv    .            (no boots)
Will    .....        (no amulet) Stlth
                     (no ring)
HPRegen 0.24/turn    (no ring)
MPRegen 0.09/turn

%: no passive effects
@: confused
A: sickness immunity, AC +3, negative energy resistance 1, electricity
resistance, torment resistance 1, petrification resistance
a: no special abilities


You were on level 3 of the Dungeon.
You visited 1 branch of the dungeon, and saw 3 of its levels.

You collected 100 gold pieces.
You spent 56 gold pieces at shops.


Innate Abilities, Weirdness & Mutations

You are immune to sickness and miasma.
Your stone body is resilient. (AC +3)
You are immune to poison.
You resist negative energy. (rN+)
You are resistant to electric shocks. (rElec)
You are resistant to unholy torment.
You are immune to petrification.


   Skills:
 - Level 3.2 Fighting
 + Level 4.3 Axes
 - Level 3.2 Armour
 - Level 3.2 Shields


You had 3 spell levels left.
You didn't know any spells.
Your spell library was empty.

Inventory:

Hand Weapons
 j - a +0 flail
 Y - a +0 war axe (weapon)
Armour
 b - a +0 scale mail (worn)
 c - a +0 buckler (worn)
 e - a +0 cloak (worn)
Scrolls
 f - a scroll of identify
Potions
 d - a potion of might
 g - a potion of cancellation {unknown}
 h - a potion of degeneration {unknown}
 i - a potion of mutation {unknown}
 k - a potion of heal wounds
 l - a potion of ambrosia {unknown}
 m - a potion of haste {unknown}

Dungeon Overview and Level Annotations

Branches:
Dungeon (3/15)

Altars:

Shops:
D:1 (??[(


Message History

1702 ||| Stepping ~*~*~tactically~*~*~ (hiding).
1703 ||| Stepping ~*~*~tactically~*~*~ (hiding).
1704 ||| Stepping ~*~*~tactically~*~*~ (hiding).
1705 ||| Stepping ~*~*~tactically~*~*~ (hiding).
The orc wizard casts a spell at you. The puff of flame hits you!
You slash the orc!
You kill the orc!
The orc wizard mumbles some strange words.
The orc wizard flickers and vanishes!
Deactivating autopickup; reactivate with Ctrl-A.
An orc priest comes into view. It is wielding a +0 club.
The orc priest miscasts a cantrip.
The orc hits you but does no damage.
You hit the orc.
The orc is moderately wounded.
The orc hits you with a +0 dagger.
You barely miss the orc.
The orc is moderately wounded.
The orc hits you but does no damage.
You slash the orc!
You kill the orc!
The orc priest calls down the wrath of Beogh upon you.
Pain shoots through your body! Something hits you but does no damage.
The orc barely misses you.
You hit the orc but do no damage. You miss something.
Something hits you but does no damage. The orc hits you but does no damage.
You slash the orc priest!
The orc priest is severely wounded.
You closely miss the orc. You closely miss something.
The orc priest hits you but does no damage.
You hear some strange, mumbled words.
You are confused.
The orc hits you with a +0 whip. Something hits you but does no damage.
The orc priest hits you but does no damage.
The orc closely misses you.
The orc priest mumbles some strange prayers to Beogh against you.
Beogh smites you!
Ouch! That really hurt!
You die...

.. .....
######....#
#.........
#.........##
#......# ...
+......+..#
#......#..#.
#...@o......
#..))o..#....
#......##....
#....<.......
#......##....
...........
...
############
#


You could see an orc priest and an orc.

Vanquished Creatures
  2 adders (D:2)
  A gnoll (D:1)
  2 worms (D:2)
  A dart slug (D:2)
  2 orcs (D:3)
  3 ball pythons
  6 bats
  7 endoplasms
  2 giant cockroaches (D:1)
  5 goblins
  2 hobgoblins (D:2)
  4 jackals (D:2)
  2 quokkas (D:1)
  A frilled lizard (D:1)
  6 kobolds
  7 rats
53 creatures vanquished.

Notes
Turn   | Place    | Note
-------+----------+-------------------------------------------
     0 | D:1      | qw the Gargoyle Fighter began the quest for the Orb.
     0 | D:1      | Reached XP level 1. HP: 14/14 MP: 1/1
     0 | D:1      | 0 ||| qw: Version: 0.2-a-99-gce666ed
     0 | D:1      | 0 ||| qw: Game counter: 144
     0 | D:1      | 0 ||| qw: Always use a shield: true
     0 | D:1      | 0 ||| qw: God list: Okawaru
     0 | D:1      | 0 ||| qw: Allow faded altars: false
     0 | D:1      | 0 ||| qw: Do Orc after D:15 true
     0 | D:1      | 0 ||| qw: Do second Lair branch before Depths: true
     0 | D:1      | 0 ||| qw: Lair rune preference: random
     0 | D:1      | 0 ||| qw: Plans: Normal, Zot:1-4, God:TSO, Crypt, Tomb,
                  | Pan, Slime:5, Hells, Abyss, Win
     0 | D:1      | 0 ||| PLANNING D:1-11
    50 | D:1      | Found Geufamm's Weapon Emporium.
    53 | D:1      | 53 ||| SHOPLISTING +0 whip (32 gold, have 14).
   128 | D:1      | Reached skill level 2 in Axes
   175 | D:1      | Found Wosycsio's Antique Armour Boutique.
   187 | D:1      | 187 ||| SHOPLISTING pair of boots (103 gold, have 30).
   187 | D:1      | 187 ||| SHOPLISTING pair of gloves (103 gold, have 30).
   187 | D:1      | 187 ||| SHOPLISTING pair of glowing gloves (172 gold, have
                  | 30).
   187 | D:1      | 187 ||| SHOPLISTING pitted ring mail (207 gold, have 30).
   216 | D:1      | Found Gootzif's Magic Scroll Boutique.
   225 | D:1      | Reached XP level 2. HP: 19/19 MP: 2/2
   234 | D:1      | 234 ||| SHOPLISTING scroll of brand weapon (133 gold, have
                  | 43).
   234 | D:1      | 234 ||| BUYING scroll of identify (28 gold).
   234 | D:1      | Bought a scroll of identify for 28 gold pieces
   234 | D:1      | 234 ||| SHOPLISTING scroll of identify (28 gold, have 15).
   234 | D:1      | 234 ||| SHOPLISTING scroll of teleportation (42 gold, have
                  | 15).
   277 | D:1      | Found Bama Ceu's Antique Weapon Shop.
   476 | D:1      | Reached skill level 3 in Axes
   476 | D:1      | Reached XP level 3. HP: 16/23 MP: 3/3
   723 | D:1      | Found Geacenk's Magic Scroll Shop.
   726 | D:1      | 726 ||| BUYING scroll of identify (28 gold).
   726 | D:1      | Bought a scroll of identify for 28 gold pieces
   726 | D:1      | 726 ||| SHOPLISTING scroll of identify (28 gold, have 9).
   726 | D:1      | 726 ||| SHOPLISTING scroll of teleportation (42 gold, have
                  | 9).
   757 | D:1      | 757 ||| DROPPING amulet of magic regeneration.
   758 | D:1      | 758 ||| DROPPING ring of wizardry.
   759 | D:1      | 759 ||| READING scroll labelled ZESU LUENYFEAP.
   763 | D:1      | 763 ||| READING 2 scrolls of identify.
   763 | D:1      | 763 ||| IDENTIFYING smoky golden potion
   764 | D:1      | 764 ||| DROPPING potion of brilliance.
   798 | D:2      | 798 ||| Stepping ~*~*~tactically~*~*~ (hiding).
   799 | D:2      | 799 ||| Stepping ~*~*~tactically~*~*~ (hiding).
   828 | D:2      | 828 ||| Stepping ~*~*~tactically~*~*~ (stealth).
  1053 | D:2      | Reached XP level 4. HP: 25/28 MP: 4/4
  1097 | D:2      | 1097 ||| Stepping ~*~*~tactically~*~*~ (hiding).
  1098 | D:2      | 1098 ||| Stepping ~*~*~tactically~*~*~ (hiding).
  1123 | D:2      | Reached skill level 4 in Axes
  1132 | D:2      | Found a faded altar of an unknown god.
  1237 | D:2      | 1237 ||| Stepping ~*~*~tactically~*~*~ (water).
  1396 | D:2      | 1396 ||| Stepping ~*~*~tactically~*~*~ (stealth).
  1678 | D:2      | 1678 ||| UPGRADING to +0 cloak.
  1683 | D:2      | 1683 ||| READING scroll labelled JOENTER DORRU.
  1684 | D:2      | 1684 ||| DRINKING 2 fizzy sapphire potions.
  1702 | D:3      | 1702 ||| Stepping ~*~*~tactically~*~*~ (hiding).
  1703 | D:3      | 1703 ||| Stepping ~*~*~tactically~*~*~ (hiding).
  1704 | D:3      | 1704 ||| Stepping ~*~*~tactically~*~*~ (hiding).
  1705 | D:3      | 1705 ||| Stepping ~*~*~tactically~*~*~ (hiding).
  1715 | D:3      | Killed from afar by an orc priest

Levels and vault maps discovered:
D:1:      tarquinn_simple_flora_water_a, layout_basic, serial_shops,
          nicolae_shop_just_a_little_nook, shop, nicolae_shop_behind_doors,
          shop, nicolae_shop_real_fake_doors
D:2:      layout_loops_ring, ebering_ecumenical_altar_petrified, serial_bayou,
          serial_bayou_pond_c, serial_bayou_pond_e, serial_bayou_pond_b,
          serial_bayou_crossing, minivault_25
D:3:      minmay_spotlight, layout_basic, mainiacjoe_overflow_cross_hatched,
          nicolae_ru_great_annihilating_truth, minmay_surrounded

Skill      XL: |  1  2  3  4 |
---------------+-------------+-----
Axes           | 2 3 4 |  4.3
Fighting       | |  3.2
Armour         | |  3.2
Shields        | |  3.2

Action                     |  1- 3 |  4- 6 || total
---------------------------+-------+-------++-------
  Melee: War axe           |   121 |    94 ||   215
    Use: Scroll            |     2 |     1 ||     3
         Potion            |       |     1 ||     1
 Armour: Scale mail        |    55 |    58 ||   113
  Dodge: Dodged            |    47 |    53 ||   100
  Block: Buckler           |    14 |    25 ||    39

Table legend:
 A = Non-vault XP
 B = Vault XP
 C = Vault XP percentage of total XP
 D = Non-vault monster count
 E = Vault monster count
 F = Vault count percentage of total count
                 A         B        C        D         E       F
            +---------+---------+-------+---------+---------+-------
      Total |     124 |      11 |   8.1 |      48 |       5 |   9.4
            +---------+---------+-------+---------+---------+-------
        D:1 |      45 |       0 |   0.0 |      20 |       0 |   0.0
        D:2 |      73 |      11 |  13.1 |      26 |       5 |  16.1
        D:3 |       6 |       0 |   0.0 |       2 |       0 |   0.0
            +---------+---------+-------+---------+---------+-------
